 Dungeon Crawl Stone Soup version 0.13-a0-2739-gace2dc1 (webtiles) character file.

867 4tharraofdagon the Chopper (level 7, 0/78 HPs)
             Began as a Djinni Berserker on Aug 21, 2013.
             Was a Believer of Trog.
             Slain by an orc warrior
             ... wielding a +0,+0 orcish halberd
              (4 damage)
             ... on Level 12 of the Dungeon.
             The game lasted 00:07:07 (1354 turns).

4tharraofdagon the Chopper (Djinni Berserker)       Turns: 1354, Time: 00:07:07

HP   0/78        AC  2     Str 25      XL: 7   Next: 41%
MP   0/0         EV 12     Int  7      God: Trog [**....]
Gold 151         SH  0     Dex 12      Spells:  0 memorised,  6 levels left

Res.Fire  : + + +   See Invis. : .   i - +0,-1 war axe
Res.Cold  : x . .   Warding    : .   b - +0 animal skin
Life Prot.: + + +   Conserve   : .   (no shield)
Res.Poison: .       Res.Corr.  : .   (no helmet)
Res.Elec. : .       Clarity    : .   f - -1 orc cloak
Sust.Abil.: . .     Spirit.Shd : .   (no gloves)
Res.Mut.  : .       Stasis     : .   (boots unavailable)
Res.Rott. : .       Flight     : .   (no amulet)
Saprovore : . . .                    (no ring)
                                     (no ring)

@: regenerating (expiring), berserking (expiring), very slightly contaminated,
very quick, very resistant to hostile enchantments, extremely unstealthy
A: fire immunity, cold vulnerability, life protection 3
a: Burn Spellbooks, Berserk, Trog's Hand, Renounce Religion


You were on level 12 of the Dungeon.
You worshipped Trog.
Trog was most pleased with you.
You were not hungry.

You visited 1 branch of the dungeon, and saw 12 of its levels.

You collected 131 gold pieces.

Inventory:

Hand weapons
 a - a +0,+0 hand axe {=f}
 h - a +2,+2 hand axe (quivered)
 i - a +0,-1 war axe (weapon)
Armour
 b - a +0 animal skin (worn)
 f - a -1 orcish cloak (worn)
 j - a +1 robe of fire resistance
Scrolls
 c - 3 scrolls of remove curse {unknown}
 d - a scroll of identify {unknown}
 e - a scroll of blinking
 l - a scroll of immolation {unknown}
 m - a scroll of curse jewellery {unknown}
Potions
 g - a potion of berserk rage {unknown}
 k - a potion of heal wounds


   Skills:
 + Level 4.5 Fighting
 * Level 6.0 Axes
 + Level 4.8 Armour
 - Level 1.7 Dodging


You had 6 spell levels left.
You didn't know any spells.

Dungeon Overview and Level Annotations

Branches:
Dungeon (13/27)
 Temple: D:4-7          Orc: D:6-11        Lair: D:8-13

Altars:
Elyvilon

Shops:
D:12: ?

Annotations
D:6 Dowan, Duvessa


Innate Abilities, Weirdness & Mutations

You are immune to all types of fire, even holy and hellish.
You are vulnerable to cold.
You need no food.
You have no legs.
You are immune to negative energy.


Message History

The orc warrior is almost dead.
The orc warrior hits you with an orcish halberd!
Unknown command.
Unknown command.
You slash the orc priest!
You kill the orc priest!
Trog accepts your kill.
You hit the orc warrior.
The orc warrior is almost dead.
The orc warrior hits you with an orcish halberd!
* * * LOW HITPOINT WARNING * * *
Unknown command.
You barely miss the orc warrior.
The orc warrior is almost dead.
Unknown command.
You barely miss the orc warrior.
The orc warrior is almost dead.
Your skin is crawling a little less now.
The orc warrior hits you with an orcish halberd.
You die...

.. ...
...∩#
<....#
#....
#...##
#....##
#..)>.##
###)@..#
#.o......#
###......#
#...##≈
#♣♣♣


You could see an orc warrior.

Vanquished Creatures
  A hill giant skeleton (D:8)
  A water moccasin (D:10)
  A giant frog (D:7)
  3 hounds
  A jelly (D:10)
  An orc priest (D:12)
  A centaur skeleton (D:4)
  2 orc wizards
  An adder (D:2)
  3 gnolls (D:8)
  An inept feature mimic (D:4)
  3 orcs (D:10)
  A bat (D:1)
  A giant cockroach (D:1)
  5 goblins
  5 hobgoblins (D:1)
  8 jackals (D:1)
  2 giant newts (D:1)
  8 kobolds
  4 rats
  2 ballistomycetes (D:7)
55 creatures vanquished.

Vanquished Creatures (others)
  A giant spore (D:7)
1 creature vanquished.

Grand Total: 56 creatures vanquished

Notes
Turn   | Place    | Note
--------------------------------------------------------------
     0 | D:1      | 4tharraofdagon, the Djinni Berserker, began the quest for the Orb.
     0 | D:1      | Reached XP level 1. HP: 16/16 MP: 0/0
   146 | D:1      | Reached XP level 2. EP: 15/22
   189 | D:1      | Reached skill level 3 in Axes
   193 | D:1      | HP: 1/22 [jackal (3)]
   205 | D:1      | Acquired Trog's second power
   288 | D:1      | Reached XP level 3. EP: 22/29
   430 | D:3      | Found a white marble altar of Elyvilon.
   570 | D:4      | Reached XP level 4. EP: 32/35
   573 | D:4      | Noticed a phantom
   588 | D:4      | You fall through a shaft!
   719 | D:7      | Reached skill level 4 in Axes
   719 | D:7      | Reached XP level 5. EP: 19/41
   743 | D:6      | Noticed a giant goldfish
   754 | D:8      | Noticed a hill giant zombie
   772 | D:7      | Reached XP level 6. EP: 22/48
   930 | D:6      | Noticed Duvessa
   930 | D:6      | Noticed Dowan
   939 | D:8      | Noticed a hill giant skeleton
   950 | D:8      | Killed a hill giant skeleton
   950 | D:8      | Reached skill level 5 in Axes
  1074 | D:8      | Noticed an orc warrior
  1113 | D:9      | Noticed a hippogriff
  1121 | D:10     | Entered Level 10 of the Dungeon
  1200 | D:10     | Reached XP level 7. EP: 12/54
  1340 | D:13     | Noticed a slime creature
  1340 | D:13     | Noticed a slime creature
  1340 | D:13     | Noticed a slime creature
  1340 | D:13     | Noticed a slime creature
  1343 | D:12     | Found Psosianu's Magic Scroll Shoppe.
  1348 | D:12     | Reached skill level 6 in Axes
  1352 | D:12     | HP: 3/78 [orc warrior/orcish halberd (30)]
  1354 | D:12     | Slain by an orc warrior

Action                   |  1- 3 |  4- 6 |  7- 9 || total
-------------------------+-------+-------+-------++-------
Melee: Hand axe          |   126 |    22 |       ||   148
       War axe           |       |    46 |    30 ||    76
Invok: Berserk           |     2 |     2 |     2 ||     6
       Trog's Hand       |       |     2 |     3 ||     5
  Use: Potion            |     2 |       |     1 ||     3
       Scroll            |       |     3 |       ||     3
